 Dungeon Sprint DCSS version bcrawl-1.20 (webtiles) character file.

Game seed: 16609592637939389512

89 Freyura the Cudgeler (level 4, 0/31 HPs)
             Began as a Skeleton Reaver on Jan 20, 2020.
             Was a Believer of Vehumet.
             Slain by an iguana (2 damage)
             ... in the Dungeon (Sprint IX: "|||||||||||||||||||||||||||||").
             The game lasted 00:00:56 (40 turns).

Freyura the Cudgeler (Skeleton Reaver)                Turns: 40, Time: 00:00:57

Health: 0/31       AC:  5    Str: 18    XL:     4   Next: 31%
Magic:  0/10       EV: 13    Int: 13    God:    Vehumet [**....]
Gold:   0          SH:  0    Dex:  7    Spells: 10/11 levels left

rFire    . . .     SeeInvis .   a - +0 flail
rCold    + . .     Gourm    .   (no shield)
rNeg     + + +     Faith    .   b - +0 steam dragon scales
rPois    ∞         Spirit   +   (no helmet)
rElec    .         Reflect  .   (no cloak)
rCorr    .         Harm     .   (no gloves)
MR       .....     NoTele   +   (no boots)
Stlth    +.........             (no amulet)
HPRegen  0.10/turn              (no ring)
MPRegen  0.12/turn              (no ring)

@: very slightly contaminated
A: no food or potions, cold resistance 1, deterioration 1, negative energy
resistance 3, torment resistance, unbreathing, magic shield, sturdy frame 1,
spell healing
a: Renounce Religion


You were in the Dungeon.
You worshipped Vehumet.
Vehumet was pleased with you.
You were not hungry.

You visited 1 branch

Inventory:

Hand Weapons
 a - a +0 flail (weapon)
Armour
 b - +0 steam dragon scales (worn)
Scrolls
 c - a scroll of immolation
 d - a scroll of blinking


   Skills:
 + Level 5.1 Fighting
 + Level 7.8 Maces & Flails
 + Level 5.2 Dodging
 + Level 4.0 Spellcasting


You had 10 spell levels left.
You knew the following spells:

 Your Spells              Type           Power        Failure   Level  Hunger
a - Magic Dart            Conj           #...         5%          1    N/A

Your spell library contained the following spells:

 Spells                   Type           Power        Failure   Level  Hunger
 Flame Tongue             Conj/Fire      #....        5%          1    N/A
 Iskenderun's Battlesphe  Conj/Chrm      #.......     78%         5    N/A

Dungeon Overview and Level Annotations

Branches:
Dungeon (1/1)

Altars:


Innate Abilities, Weirdness & Mutations

You do not eat or drink.
You are immune to poison.
Your flesh is cold resistant. (rC+)
Your body sometimes deteriorates upon taking damage.
You are immune to negative energy. (rN+++)
You are immune to unholy pain and torment.
You can survive without breathing.
When hurt, damage is shared between your health and your magic reserves.
Your movements are slightly less encumbered by armour. (ER -2)
Casting spells heals you.


Message History

Your body deteriorates!
You feel clumsy.
You can't drink.
You hit the necrophage.
You destroy the necrophage!
Vehumet accepts your kill.
You feel your dexterity returning.
Your Fighting skill gained 2 levels and is now at level 5!
Your Maces & Flails skill gained 3 levels and is now at level 7!
Your Dodging skill gained 2 levels and is now at level 5!
Your Spellcasting skill increases to level 4!
You have reached level 3!
Your experience leads to an increase in your attributes!
Increase (S)trength, (I)ntelligence, or (D)exterity?
You feel clever.
You have reached level 4!
You feel stronger.
You thump the iguana!
The iguana is moderately wounded.
The iguana bites you.
You die...

▓+▓
▓.▓
▓.▓
▓.▓
▓Z▓
▓r▓
▓l▓
▓@▓
▓.▓
▓.▓
▓.▓
▓.▓
▓(▓
▓.▓
▓.▓
▓.▓


You could see an iguana, a quokka and a bat skeleton.

Vanquished Creatures
  A necrophage (D)
  A dart slug (D)
  An orc (D)
  A hobgoblin (D)
  A bat (D)
  A kobold (D)
  A rat (D)
7 creatures vanquished.

Notes
Turn   | Place    | Note
-------+----------+-------------------------------------------
     0 | D        | Freyura the Skeleton Reaver began the quest for the Orb.
     0 | D        | Reached XP level 1. HP: 14/14 MP: 4/4
    10 | D        | Reached * piety under Vehumet
    10 | D        | Offered knowledge of Magic Dart by Vehumet.
    13 | D        | Reached skill level 4 in Maces & Flails
    20 | D        | Learned a level 1 spell: Magic Dart
    26 | D        | Noticed an iguana
    26 | D        | Noticed a necrophage
    33 | D        | Reached ** piety under Vehumet
    33 | D        | Offered knowledge of Flame Tongue by Vehumet.
    33 | D        | Reached XP level 2. HP: 12/19 MP: 1/6
    39 | D        | Killed a necrophage
    39 | D        | Reached skill level 5 in Fighting
    39 | D        | Reached skill level 7 in Maces & Flails
    39 | D        | Reached skill level 5 in Dodging
    39 | D        | Reached XP level 3. HP: 1/26 MP: 1/8
    39 | D        | Reached XP level 4. HP: 1/31 MP: 1/10
    40 | D        | Slain by an iguana

Skill      XL: |  1  2 |
---------------+-------+-----
Maces & Flails | 4 7 |  7.8
Fighting       | 5 |  5.1
Dodging        | 5 |  5.2
Spellcasting   | 4 |  4.0

Action                   |  1- 3 |  4- 6 || total
-------------------------+-------+-------++-------
Melee: Flail             |    24 |     1 ||    25
 Cast: Magic Dart        |     2 |       ||     2
Armor: Steam dragon scal |    12 |       ||    12
Dodge: Dodged            |     9 |       ||     9
